 Dungeon Crawl Stone Soup version 0.27-a0-148-g9515ab555c (webtiles) character file.

Game seed: 7229527516312574303

339 knot the Chopper (level 6, 52/70 HPs)
             Began as a Demonspawn Berserker on Jan 27, 2021.
             Was a Believer of Trog.
             Quit the game on level 4 of the Dungeon.
             The game lasted 00:03:35 (3676 turns).

knot the Chopper (Demonspawn Berserker)             Turns: 3676, Time: 00:03:36

Health: 52/70      AC:  8    Str: 18    XL:     6   Next: 29%
Magic:  6/6        EV: 10    Int: 10    God:    Trog [**....]
Gold:   290        SH:  0    Dex: 12    Spells: 5/5 levels left

rFire    . . .     SeeInvis .   a - +0 hand axe
rCold    . . .     Faith    .   (no shield)
rNeg     . . .     Spirit   .   m - +0 scale mail
rPois    .         Reflect  .   (no helmet)
rElec    .         Harm     .   (no cloak)
rCorr    .         Rampage  .   (no gloves)
Will     ++...                  (no boots)
Stlth    ..........             (no amulet)
HPRegen  2.21/turn              (no ring)
MPRegen  0.10/turn              (no ring)

@: berserking, regenerating, very quick
A: iridescent scales 1, powered by death 1
a: Renounce Religion, Berserk, Trog's Hand


You were on level 4 of the Dungeon.
You worshipped Trog.
Trog was pleased with you.
You visited 1 branch of the dungeon, and saw 4 of its levels.

You collected 290 gold pieces.

Inventory:

Hand Weapons
 a - a +0 hand axe (weapon)
Missiles
 c - 121 stones
Armour
 m - a +0 scale mail (worn)
Jewellery
 s - an uncursed amulet of the acrobat {unknown}
 w - an uncursed ring of willpower {unknown}
Wands
 o - a wand of enslavement (7)
Scrolls
 b - a scroll of fear {unknown}
 e - 2 scrolls of teleportation {unknown}
 g - 2 scrolls of remove curse {unknown}
 h - 6 scrolls of identify {unknown}
 j - a scroll of fog {unknown}
 p - a scroll of enchant weapon {unknown}
 t - 2 scrolls of amnesia {unknown}
 u - a scroll of noise {unknown}
Potions
 d - 2 potions of curing {unknown}
 f - a potion of haste {unknown}
 i - a potion of lignification {unknown}
 k - a potion of flight {unknown}
 l - 2 potions of brilliance {unknown}
 n - a potion of might {unknown}
 q - a potion of mutation {unknown}
 r - a potion of berserk rage {unknown}
 v - a potion of ambrosia {unknown}
 x - a potion of degeneration {unknown}
 z - 2 potions of magic {unknown}


   Skills:
 - Level 3.0 Fighting
 + Level 6.5 Axes
 - Level 1.7 Armour
 - Level 1.7 Dodging


You had 5 spell levels left.
You didn't know any spells.
Your spell library was empty.

Dungeon Overview and Level Annotations

Branches:
Dungeon (4/15)
 Temple: D:4-7

Altars:
Makhleb


Innate Abilities, Weirdness & Mutations

You are partially covered in iridescent scales. (AC +2)
You regenerate a little health from kills.


Message History

You see here 2 silvery potions.
z - 2 silvery potions Your skin crawls.
You feel strong-willed.
A red film seems to cover your vision as you go berserk!
You feel yourself moving faster!
You feel mighty!
You slash the ogre!
The ogre is heavily wounded.
The ogre hits you with a +0 giant club!
You slash the ogre!
The ogre is severely wounded.
You slash the ogre!
You kill the ogre!
Trog accepts your kill.
You have reached level 6!
Your experience leads to an increase in your attributes!
Increase (S)trength, (I)ntelligence, or (D)exterity?
You feel clever.
Your demonic ancestry asserts itself...
Iridescent scales grow over part of your body.
Are you sure you want to abandon this character and quit the game? (Confirm with "yes".)

#.#......#
#.######.# #.#
#.# #.# #.# #O#
#.# #†#
#.###### #.#
#......#
#.#########.###
#......)@...#
#############


There were no monsters in sight!

Vanquished Creatures
  An ogre (D:4)
  A scorpion (D:4)
  A centaur skeleton (D:3)
  2 orc wizards
  5 adders
  An ooze (D:3)
  3 dart slugs
  7 orcs
  9 bats
  3 giant cockroaches
  7 goblins
  5 hobgoblins
  6 jackals
  2 quokkas (D:2)
  2 ball pythons
  4 frilled lizards
  8 kobolds
  5 rats
72 creatures vanquished.

Notes
Turn   | Place    | Note
-------+----------+-------------------------------------------
     0 | D:1      | knot the Demonspawn Berserker began the quest for the Orb.
     0 | D:1      | Reached XP level 1. HP: 18/18 MP: 1/1
    24 | D:1      | Reached skill level 3 in Axes
    56 | D:1      | Gained mutation: You regenerate a little health from kills.
                  | [demonic ancestry]
    56 | D:1      | Reached XP level 2. HP: 11/24 MP: 2/2
   911 | D:2      | Reached XP level 3. HP: 27/29 MP: 3/3
   954 | D:2      | Reached ** piety under Trog
   955 | D:2      | Reached skill level 4 in Axes
  1028 | D:2      | Reached XP level 4. HP: 14/35 MP: 4/4
  1033 | D:2      | HP: 1/52 [quokka (2)]
  1942 | D:2      | Found a burning altar of Makhleb.
  1942 | D:2      | Noticed a balrug
  2365 | D:3      | Reached skill level 5 in Axes
  2763 | D:3      | Reached XP level 5. HP: 41/41 MP: 5/5
  3558 | D:4      | Reached skill level 6 in Axes
  3657 | D:4      | Noticed an ogre
  3675 | D:4      | Killed an ogre
  3676 | D:4      | Gained mutation: You are partially covered in iridescent
                  | scales. (AC +2) [demonic ancestry]
  3676 | D:4      | Reached XP level 6. HP: 47/47 MP: 6/6
  3676 | D:4      | Quit the game

Illustrated notes

Levels and vault maps discovered:
D:1:      minmay_arrival_four_circles, layout_rooms,
          amcnicky_mini_rare_corridor_liquid
D:2:      layout_basic, makhleb_altar_promises_db
D:3:      layout_basic, eino_curves_02
D:4:      minmay_wonky_spiral, layout_basic, marbit_many_paths, nrook_campfire,
          uniq_ijyb

Skill      XL: |  1  2  3  4  5 |
---------------+----------------+-----
Axes           | 3 4 5 6 |  6.5
Fighting       | |  3.0
Armour         | |  1.7
Dodging        | |  1.7

Action                   |  1- 3 |  4- 6 || total
-------------------------+-------+-------++-------
Melee: Hand axe          |    93 |   162 ||   255
Invok: Berserk           |     3 |     3 ||     6
       Trog's Hand       |       |     2 ||     2
 Stab: Sleeping          |     1 |       ||     1
Armor: Animal skin       |    20 |     2 ||    22
       Scale mail        |       |    55 ||    55
Dodge: Dodged            |    71 |    80 ||   151

Table legend: (Time is in decaauts)
 A = Elapsed time spent in this place.
 B = Non-inter-level travel time spent in this place.
 C = Inter-level travel time spent in this place.
 D = Time resting spent in this place.
 E = Time spent auto-exploring this place.
 F = Levels seen in this place.
 G = Mean time per level.
                   A        B        C        D        E       F      G
               +--------+--------+--------+--------+--------+-----+--------+
         Total |   3739 |   3679 |     60 |    705 |   2457 |   4 |  934.8 |
       Dungeon |   3739 |   3679 |     60 |    705 |   2457 |   4 |  934.8 |
               +--------+--------+--------+--------+--------+-----+--------+

Top non-repeatable levels by time:
     D:2: 1329 daAuts
     D:3: 1324 daAuts
     D:1: 900 daAuts
     D:4: 184 daAuts
